 Dungeon Crawl Stone Soup version 0.23-a0-451-g1044d4c (webtiles) character file.

137 Lavandula the Gusty (level 5, -1/42 HPs)
             Began as a Naga Air Elementalist on Nov 22, 2018.
             Was an Initiate of Ru.
             Slain by a sky beast (5 damage)
             ... on level 5 of the Dungeon.
             The game lasted 00:06:31 (1225 turns).

Lavandula the Gusty (Naga Air Elementalist)         Turns: 1225, Time: 00:06:32

Health: -1/42      AC:  2    Str: 10    XL:     5   Next: 20%
Magic:  2/10       EV: 16    Int: 17    God:    Ru [......]
Gold:   177        SH:  0    Dex: 11    Spells: 1/11 levels left

rFire    . . .     SeeInvis +   m - +2 dagger (drain)
rCold    . . .     Gourm    .   (no shield)
rNeg     . . .     Faith    .   a - +0 robe
rPois    +         Spirit   .   (no helmet)
rElec    .         Reflect  .   (no cloak)
rCorr    .         Harm     .   (no gloves)
MR       .....                  (no barding)
Stlth    ++........             (no amulet)
HPRegen  0.14/turn              l - +6 ring of evasion
MPRegen  0.12/turn              (no ring)

@: about to teleport, very slightly contaminated, very slow
A: large, see invisible, deformed body, poison resistance, slowness 2, slow
metabolism 1, spit poison 1, AC +1
a: Spit Poison, Renounce Religion


You were on level 5 of the Dungeon.
You worshipped Ru.
Ru was noncommittal.
You were hungry.

You visited 2 branches of the dungeon, and saw 7 of its levels.

You collected 177 gold pieces.

Inventory:

Hand Weapons
 m - a +2 dagger of draining (weapon)
Missiles
 h - 12 tomahawks (quivered)
Armour
 a - a +0 robe (worn)
Jewellery
 l - a +6 ring of evasion (left hand)
Wands
 p - a wand of random effects (18)
Scrolls
 b - a scroll of remove curse {unknown}
 d - 2 scrolls of identify
 e - a scroll of blinking {unknown}
 i - a scroll of teleportation
 k - 2 scrolls of noise {unknown}
 q - a scroll of immolation {unknown}
Potions
 f - a potion of curing {unknown}
 g - a potion of heal wounds {unknown}
 j - 3 potions of brilliance {unknown}
 n - a potion of degeneration {unknown}
 o - a potion of mutation {unknown}
 r - a potion of might {unknown}
Comestibles
 c - 4 rations
 s - a chunk of flesh


   Skills:
 - Level 1.5 Dodging
 - Level 3.0 Stealth
 - Level 3.5 Spellcasting
 - Level 1.0 Conjurations
 + Level 4.7 Air Magic


You had one spell level left.
You knew the following spells:

 Your Spells              Type           Power        Failure   Level  Hunger
a - Shock                 Conj/Air       ##..         5%          1    None
b - Swiftness             Chrm/Air       ##......     10%         2    ##.....
c - Static Discharge      Conj/Air       ##......     16%         3    ###....
d - Airstrike             Air            ###.......   24%         4    ####...

Your spell library contained the following spells:

 Spells                   Type           Power        Failure   Level  Hunger
 Lightning Bolt           Conj/Air       ##........   82%         5    ######.


Dungeon Overview and Level Annotations

Branches:
Dungeon (6/15)             Temple (1/1) D:5

Altars:
Ashenzari
Dithmenos
Elyvilon
Gozag
Makhleb
Nemelex Xobeh
Okawaru
Ru
Sif Muna
Trog
Uskayaw
Vehumet
Zin
The Shining One


Innate Abilities, Weirdness & Mutations

You cannot wear boots.
Your serpentine skin is tough. (AC +1)
You have supernaturally acute eyesight. (SInv)
Armour fits poorly on your strangely shaped body.
Your system is resistant to poisons. (rPois)
You cover ground very slowly.
You have a slow metabolism.
You can spit poison.


Message History

Unknown command.
Press: ? - help, v - describe, . - travel The floor.
Unknown command.
As you read the scroll labeled TUCLITHIEZE, it crumbles to dust.
It is a scroll of identify.
i - 2 scrolls of teleportation The sky beast flickers out of sight for a moment.
The sky beast hits you. The sky beast shocks you.
Unknown command.
As you read the scroll of teleportation, it crumbles to dust.
You feel strangely unstable. The sky beast hits you.
* * * LOW HITPOINT WARNING * * *
The sky beast shocks you.
* * * LOW HITPOINT WARNING * * *
Unknown command.
The sky beast hits you.
* * * LOW HITPOINT WARNING * * *
The sky beast shocks you.
You die...

#................... ....#
#####.................# #....#
+................>....# #....+
#.....................###....#
#............................#
#<...........................#
#.........#########..........#
#.........'[......#..........#
#........)#).Y@...#.......)..##
#.####....#.......##+###.....รท.
#.# #....####+##### #....... #.#
#.............# #....... #.#
#.............# #.......
#.............# #.......
.......Y......# #.......
##.............# #.......
#.............# +.......


You could see a sky beast (invisible).

Vanquished Creatures
  A worker ant (D:4)
  6 adders
  2 oozes
  A worm (D:4)
  3 leopard geckos
  6 orcs
  6 bats
  4 hobgoblins
  5 kobolds
  A quokka (D:2)
  A ball python skeleton (D:2)
  2 frilled lizards
  3 goblins
  5 rats
46 creatures vanquished.

Notes
Turn   | Place    | Note
-------+----------+-------------------------------------------
     0 | D:1      | Lavandula the Naga Air Elementalist began the quest for the
                  | Orb.
     0 | D:1      | Reached XP level 1. HP: 15/15 MP: 3/3
   101 | D:1      | Reached XP level 2. HP: 22/22 MP: 2/5
   304 | D:2      | Found a shattered altar of Ashenzari.
   312 | D:2      | Reached XP level 3. HP: 13/28 MP: 5/7
   316 | D:2      | Learned a level 2 spell: Swiftness
   480 | D:3      | Reached skill level 4 in Air Magic
   480 | D:3      | Reached XP level 4. HP: 33/36 MP: 1/8
   519 | D:3      | Learned a level 3 spell: Static Discharge
   723 | D:5      | Entered Level 5 of the Dungeon
   723 | D:5      | Noticed a sky beast
   777 | D:4      | Learned a level 4 spell: Airstrike
   881 | D:4      | Reached XP level 5. HP: 42/42 MP: 7/10
  1052 | D:5      | Found a staircase to the Ecumenical Temple.
  1058 | Temple   | Entered the Ecumenical Temple
  1082 | Temple   | Became a worshipper of Ru the Awakened
  1225 | D:5      | Slain by a sky beast

Vault maps used:
D:1:      tarquinn_simple_flora_water_d, nrook_campfire
D:2:      ashenzari_altar_1, serial_corexii_hall, corexii_hall_statues_deadend,
          corexii_hall_statues_l
D:3:      first_ration
D:5:      kennysheep_mini, minmay_temple_entry_statues_fountains,
          serial_co_window_serial, co_window_paths_b, co_window_cross_1,
          co_window_corner_a, co_window_of_opportunity_a,
          co_window_of_opportunity_a, co_window_cross_3, co_window_corner_b,
          co_window_broadway_b, co_window_4corner_a
D:6:      chequers_temple_overflow_minitemple, hangedman_ru_absence
Temple:   eino_temple_lava

Skill      XL: |  1  2  3 |
---------------+----------+-----
Spellcasting   | 3 |  3.5
Air Magic      | 4 |  4.7
Dodging        | |  1.5
Stealth        | |  3.0
Conjurations   | |  1.0

Action                   |  1- 3 |  4- 6 || total
-------------------------+-------+-------++-------
Melee: Dagger            |     7 |     4 ||    11
 Cast: Shock             |    37 |    39 ||    76
       Airstrike         |       |     1 ||     1
 Abil: Spit Poison       |    15 |    16 ||    31
Evoke: Wand              |       |     1 ||     1
  Use: Scroll            |       |     2 ||     2
 Stab: Sleeping          |     2 |       ||     2
  Eat: Chunk             |       |     2 ||     2
Armor: Robe              |     3 |     4 ||     7
Dodge: Dodged            |    18 |    27 ||    45

Table legend:
 A = Non-vault XP
 B = Vault XP
 C = Vault XP percentage of total XP
 D = Non-vault monster count
 E = Vault monster count
 F = Vault count percentage of total count
                 A         B        C        D         E       F
            +---------+---------+-------+---------+---------+-------
      Total |     197 |       0 |   0.0 |      46 |       0 |   0.0
            +---------+---------+-------+---------+---------+-------
        D:1 |      17 |       0 |   0.0 |      11 |       0 |   0.0
        D:2 |      23 |       0 |   0.0 |      12 |       0 |   0.0
        D:3 |      79 |       0 |   0.0 |      12 |       0 |   0.0
        D:4 |      60 |       0 |   0.0 |       5 |       0 |   0.0
        D:5 |      18 |       0 |   0.0 |       6 |       0 |   0.0
            +---------+---------+-------+---------+---------+-------
